Map: Ulrena

Players

Protektor

  • Race: Terran Terran
  • League: Silver
  • Spawn Location: 11:00

zidar - Winner!

  • Race: Zerg Zerg
  • League: Silver
  • Spawn Location: 7:00

VOD

Have the link to the VOD?

Description

Time

  • Played on: Jan. 3, 2016, 2:12 p.m.
  • Length: 9:08
Show
View Real Time Build Order
Export as new Build Order

Protektor Terran 

Build Orders: Reaper Expand 

Get SALT Encoding   

  12  0:00  SCV  
  13  0:13  SCV  
  14  0:18  Supply Depot  
  14  0:25  SCV  
  15  0:39  SCV  
  16  0:44  Barracks  
  16  0:50  Refinery  
  16  0:53  SCV  
  17  1:05  SCV  
  18  1:21  SCV  
  19  1:35  Reaper  
  19  1:38  Orbital Command  
  20  1:50  Command Center  
  20  2:10  Marine  
  20  2:12  SCV  
  22  2:18  Factory  
  22  2:23  Supply Depot  
  22  2:24  SCV  
  23  2:48  SCV  
  23  2:51  Refinery, Barracks Reactor  
  23  3:01  SCV  
  23  3:03  Orbital Command  
  24  3:13  SCV  
  24  3:14  Starport  
  25  3:25  SCV  
  26  3:35  Barracks Tech Lab  
  26  3:36  SCV  
  26  3:37  SCV  
  28  3:48  SCV  
  31  4:04  Barracks Tech Lab, Liberator  
  33  4:10  Hellion x2  
  33  4:11  SCV  
  33  4:13  SCV  
  38  4:25  Marine, SCV, Stimpack  
  38  4:27  SCV  
  41  4:35  Fusion Core  
  41  4:37  SCV  
  42  4:41  Hellion x2  
  46  4:48  Liberator  
  46  4:49  Marine  
  36  5:16  Marine  
  36  5:17  Orbital Command  
  37  5:30  Liberator  
  37  5:34  Marine  
  38  5:43  SCV  
  38  5:45  SCV  
  38  5:49  Barracks  
  43  5:51  Barracks  
  43  5:55  SCV  
  44  5:58  SCV  
  45  6:06  Advanced Ballistics, Supply Depot  
  45  6:13  Liberator  
  45  6:27  Hellion x2  
  49  6:41  Barracks Reactor  
  49  6:45  SCV  
  50  6:48  Refinery  
  50  6:51  Marauder, Refinery  
  52  6:57  SCV  
  53  7:09  SCV  
  54  7:23  Barracks Reactor  
  54  7:50  Supply Depot  
  54  7:52  Supply Depot  
  54  7:55  Liberator  
  54  8:10  Engineering Bay  
  54  8:12  Marine x2, SCV, Hellion  
  62  8:13  Marine x2, Supply Depot  
  62  8:14  Marauder, Supply Depot, Hellion  
  68  8:24  SCV  
  69  8:29  Marine x2  
  69  8:34  Hellion  
  70  8:35  Marauder, Hellion  
  70  8:36  SCV  
  65  8:47  Marine x2  
  59  8:48  SCV  
Show
View Real Time Build Order
Export as new Build Order

zidar Zerg - Winner!

Build Orders: Hatch First 

Get SALT Encoding   

  12  0:01  Drone  
  13  0:12  Overlord  
  13  0:17  Drone  
  14  0:30  Drone x2  
  14  0:34  Drone  
  17  0:55  Hatchery  
  17  0:56  Drone  
  17  1:11  Spawning Pool  
  17  1:14  Drone  
  17  1:17  Extractor  
  16  1:19  Drone  
  17  1:29  Drone x2  
  19  1:39  Overlord  
  19  1:52  Drone  
  20  2:02  Queen  
  20  2:06  Queen  
  24  2:21  Metabolic Boost  
  24  2:25  Roach Warren  
  21  2:48  Drone x3  
  24  2:53  Drone x3  
  27  3:01  Extractor  
  27  3:03  Drone  
  27  3:20  Roach x2  
  27  3:21  Roach x2  
  35  3:27  Overlord  
  35  3:28  Overlord  
  34  3:58  Roach  
  34  3:59  Roach x2  
  34  4:01  Ravager  
  41  4:19  Hatchery  
  40  4:37  Drone x6  
  40  4:38  Drone x3  
  44  5:41  Queen  
  46  5:48  Roach x4  
  46  5:49  Roach x2  
  58  5:52  Overlord x2  
  58  5:57  Lair  
  58  6:14  Ravager x2  
  58  6:15  Ravager x2  
  62  6:19  Roach  
  62  6:20  Roach x5  
  66  6:43  Drone x6  
  61  7:42  Roach x2  
  65  7:46  Overlord x3  
  65  7:47  Overlord x2  
  65  8:04  Roach  
  65  8:05  Roach x15  
  97  8:08  Ravager x3  
  97  8:10  Ravager  
Tags
 
Add a new tag
Caveats
  • Supply blocks, unpowered buildings, or Contaminate may cause inaccurate times.
  • Supply counts are checked every 10 seconds.